 Dungeon Crawl Stone Soup version 0.28-a0-1412-gf95308ed99 (webtiles) character file.

Game seed: 5065160030108393361

92 riojii the Sneak (level 4, -3/24 HPs)
             Began as a Kobold Enchanter on Jan 7, 2022.
             Slain by a gnoll (5 damage)
             ... on level 3 of the Dungeon.
             The game lasted 00:05:37 (2845 turns).

riojii the Sneak (Kobold Enchanter)                 Turns: 2845, Time: 00:05:37

Health: -3/24      AC:  5    Str:  5    XL:     4   Next: 90%
Magic:  1/8        EV: 14    Int: 16    God:
Gold:   63         SH:  0    Dex: 17    Spells: 6/8 levels left

rFire   . . .      SeeInvis .   e - +2 dagger (speed)
rCold   . . .      Faith    .   (no shield)
rNeg    . . .      Spirit   .   f - +0 leather armour
rPois   .          Reflect  .   m - +1 helmet
rElec   .          Harm     .   (no cloak)
rCorr   .          Rampage  .   (no gloves)
Will    .....                   (no boots)
Stlth   ++++......              (no amulet)
HPRegen 0.08/turn               (no ring)
MPRegen 0.11/turn               (no ring)

@: no status effects
A: small, no large weapons, nightstalker 3
a: no special abilities


You were on level 3 of the Dungeon.
You visited 1 branch of the dungeon, and saw 3 of its levels.

You collected 63 gold pieces.

Inventory:

Hand Weapons
 e - a +2 dagger of speed (weapon)
Armour
 b - a +0 robe
 f - a +0 leather armour (worn)
 m - a +1 helmet (worn)
Jewellery
 g - an amulet of faith
Scrolls
 a - 2 scrolls of identify {unknown}
 h - a scroll of silence {unknown}
 i - a scroll of magic mapping {unknown}
 j - a scroll of fog {unknown}
 k - a scroll of enchant weapon {unknown}
 l - a scroll of immolation {unknown}
Potions
 c - a potion of invisibility
 d - a potion of brilliance {unknown}
 n - a potion of attraction {unknown}
 o - a potion of mutation {unknown}
 p - a potion of heal wounds {unknown}


   Skills:
 + Level 1.9 Short Blades
 - Level 2.4 Dodging
 + Level 5.1 Stealth
 - Level 2.8 Spellcasting
 + Level 3.7 Hexes
 + Level 1.5 Ice Magic


You had 6 spell levels left.
You knew the following spells:

 Your Spells              Type           Power      Damage    Failure   Level
a - Ensorcelled Hibernat  Hex/Ice        20%        N/A       16%         2

Your spell library contained the following spells:

 Spells                   Type           Power      Damage    Failure   Level
 Slow                     Hex            56%        N/A       7%          1
 Confusing Touch          Hex            14%        N/A       21%         3
 Tukima's Dance           Hex            14%        N/A       21%         3
 Dazzling Flash           Conj/Hex       16%        N/A       41%         3
 Vampiric Draining        Necr           2%         2d6       67%         3


Dungeon Overview and Level Annotations

Branches:
Dungeon (3/15)

Altars:
Trog

Shops:
D:2 (


Innate Abilities, Weirdness & Mutations

You are small and have problems with some larger weapons.
You are completely attuned to the shadows.


Message History

Confirm with . or Enter, or press ? or * to list all spells.
Aiming: Ensorcelled Hibernation (safe; 16% risk of failure)
Press: ? - help, Shift-Dir - straight line, f/p - gnoll
Aim: a gnoll, wielding a +0 spear (chance to affect: 52%)
The gnoll looks drowsy...
The gnoll closely misses you.
The gnoll shouts!
There is an open door here.
You closely miss the gnoll. You punch the gnoll.
The gnoll is lightly wounded.
The gnoll misses you. The gnoll barely misses you.
You hit the gnoll.
The gnoll is lightly wounded.
The gnoll closely misses you. x2
The gnoll barely misses you.
There is a stone staircase leading up here.
Casting: Ensorcelled Hibernation (safe; 16% risk of failure)
Confirm with . or Enter, or press ? or * to list all spells.
Aiming: Ensorcelled Hibernation (safe; 16% risk of failure)
Press: ? - help, Shift-Dir - straight line, f - gnoll, p - gnoll
Aim: a gnoll, wielding a +0 halberd (chance to affect: 52%)
The gnoll resists with significant effort.
Casting: Ensorcelled Hibernation (safe; 16% risk of failure)
Confirm with . or Enter, or press ? or * to list all spells.
Aiming: Ensorcelled Hibernation (safe; 16% risk of failure)
Press: ? - help, Shift-Dir - straight line, f/p - gnoll
Aim: a gnoll, wielding a +0 halberd (chance to affect: 52%)
The gnoll looks drowsy...
The gnoll closely misses you. The gnoll hits you with a +0 spear.
The gnoll misses you. The gnoll closely misses you.
The gnoll shouts!
You closely miss the gnoll. The gnoll barely misses you. x2
The gnoll misses you.
The gnoll hits you from afar with a +0 spear.
The gnoll hits you but does no damage.
The gnoll hits you from afar with a +0 halberd!
Ouch! That really hurt!
* * * LOW HITPOINT WARNING * * *
The gnoll hits you from afar with a +0 spear.
You die...

.........##.#.......####
.........##.#..........###
.........##.#............#
.....(g.....#............#
.........####............#
#.####.### ####.........#
####'######.g..........#
#...........g...##...#####
#...........g.@..........# #
#...............##...###.###
# #.......###.....######
#...# # #.......# #######
###.# # #.......# #.# #
#...##### #.# # #...# #.# #
##### #.# # #.# #


You could see 3 gnolls.

Vanquished Creatures
  3 adders
  A worm (D:3)
  3 dart slugs
  3 orcs (D:3)
  7 ball pythons
  6 bats
  3 endoplasms
  A giant cockroach (D:1)
  A goblin (D:1)
  8 hobgoblins
  6 jackals
  4 kobolds
  A quokka (D:1)
  A frilled lizard (D:3)
  A rat (D:1)
49 creatures vanquished.

Notes
Turn   | Place    | Note
-------+----------+-------------------------------------------
     0 | D:1      | riojii the Kobold Enchanter began the quest for the Orb.
     0 | D:1      | Reached XP level 1. HP: 10/10 MP: 3/3
   101 | D:1      | Reached XP level 2. HP: 15/15 MP: 5/5
   104 | D:1      | Learned a level 2 spell: Ensorcelled Hibernation
   718 | D:2      | Reached XP level 3. HP: 19/19 MP: 6/6
   778 | D:2      | Found a faded altar of an unknown god.
   965 | D:2      | Found Aczarph's Antique Weapon Shop.
   981 | D:2      | Found a bloodstained altar of Trog.
  1034 | D:2      | Reached skill level 1 in Ice Magic
  1489 | D:2      | Reached XP level 4. HP: 22/24 MP: 8/8
  2295 | D:3      | Reached skill level 5 in Stealth
  2845 | D:3      | Slain by a gnoll

Illustrated notes

Levels and vault maps discovered:
D:1:      beargit_arrival_diablo_church, layout_loops_ring
D:2:      layout_loops_corners, serial_shops, nicolae_square_shop,
          dreamdust_ecumenical_altar_hidden_monk_grotto, basic_altar
D:3:      layout_basic, uniq_natasha

Skill      XL: |  1  2  3  4 |
---------------+-------------+-----
Ice Magic      | 1 |  1.5
Stealth        | 5 |  5.1
Short Blades   | |  1.9
Dodging        | |  2.4
Spellcasting   | |  2.8
Hexes          | |  3.7

Action                   |  1- 3 |  4- 6 || total
-------------------------+-------+-------++-------
Melee: Dagger            |    93 |    81 ||   174
       Punch             |     1 |     3 ||     4
 Cast: Ensorcelled Hiber |       |     7 ||     7
 Stab: Sleeping          |    19 |     8 ||    27
       Distracted        |       |     1 ||     1
Armor: Leather armour    |    17 |    16 ||    33
Dodge: Dodged            |    56 |    65 ||   121

Table legend: (Time is in decaauts)
 A = Elapsed time spent in this place.
 B = Non-inter-level travel time spent in this place.
 C = Inter-level travel time spent in this place.
 D = Time resting spent in this place.
 E = Time spent auto-exploring this place.
 F = Levels seen in this place.
 G = Mean time per level.
                   A        B        C        D        E       F      G
               +--------+--------+--------+--------+--------+-----+--------+
         Total |   2782 |   2782 |      0 |     87 |   2155 |   3 |  927.3 |
       Dungeon |   2782 |   2782 |      0 |     87 |   2155 |   3 |  927.3 |
               +--------+--------+--------+--------+--------+-----+--------+

Top non-repeatable levels by time:
     D:2: 1321 daAuts
     D:3: 765 daAuts
     D:1: 694 daAuts
